 Dungeon Crawl Stone Soup version 0.21.0 (webtiles) character file.

1066 Monsterracer the Cleaver (level 8, -5/70 HPs)
             Began as a Minotaur Berserker on Jan 5, 2018.
             Was a Priest of Trog.
             Shot with an arrow by a centaur (7 damage)
             ... on level 6 of the Dungeon.
             The game lasted 00:03:39 (4161 turns).

Monsterracer the Cleaver (Minotaur Berserker)       Turns: 4161, Time: 00:03:40

Health: -5/70      AC:  8    Str: 23    XL:     8   Next: 7%
Magic:  7/7        EV: 13    Int:  4    God:    Trog [***...]
Gold:   244        SH:  4    Dex: 11    Spells: 7/7 levels left

rFire    . . .     SeeInvis .   a - +0 hand axe
rCold    . . .     Gourm    .   (no shield)
rNeg     . . .     Faith    .   w - +0 ring mail
rPois    .         Spirit   .   (helmet restricted)
rElec    .         Reflect  +   r - +0 cloak
rCorr    +         Harm     .   l - +0 pair of gloves
MR       .....                  (no boots)
Stlth    +.........             x - +4 amulet of reflection
HPRegen  0.21/turn              n - ring of flight
MPRegen  0.10/turn              q - ring of resist corrosion

@: berserk cooldown, slowed, very slow
A: retaliatory headbutt, horns 2
a: Berserk, Trog's Hand, Burn Spellbooks, Renounce Religion, Evoke Flight


You were on level 6 of the Dungeon.
You worshipped Trog.
Trog was most pleased with you.
You were very hungry.

You visited 1 branch of the dungeon, and saw 6 of its levels.

You collected 244 gold pieces.

Inventory:

Hand Weapons
 a - a +0 hand axe (weapon)
 b - a +1 mace of protection
Missiles
 o - 2 throwing nets (quivered)
Armour
 i - a +0 large shield
 l - a +0 pair of gloves (worn)
 r - a +0 cloak (worn)
 w - a +0 ring mail (worn)
Jewellery
 g - an uncursed ring of ice
 n - a ring of flight (left hand)
 q - a ring of resist corrosion (right hand)
 x - a +4 amulet of reflection (around neck)
Wands
 p - a wand of clouds (7)
 y - a wand of polymorph (11)
Scrolls
 d - 2 scrolls of remove curse
 e - a scroll of magic mapping
 k - 2 scrolls of teleportation
 u - a scroll of blinking
 z - a scroll of fog
Potions
 f - 5 potions of brilliance
 h - a potion of ambrosia {unknown}
 j - a potion of might {unknown}
 m - 7 potions of curing
 s - a potion of cancellation {unknown}
 t - a potion of heal wounds {unknown}
 v - 2 potions of haste {unknown}
Comestibles
 c - 4 rations


   Skills:
 + Level 6.1 Fighting
 * Level 8.0 Axes
 + Level 5.6 Armour
 + Level 5.0 Dodging


You had 7 spell levels left.
You didn't know any spells.

Dungeon Overview and Level Annotations

Branches:
Dungeon (6/15)
 Temple: D:4-7

Altars:
Ru

Shops:
D:4 :


Innate Abilities, Weirdness & Mutations

You reflexively headbutt those who attack you in melee.
You have a pair of horns on your head.


Message History

You furiously retaliate!
You headbutt the bullfrog zombie! You hit the bullfrog zombie.
You headbutt the bullfrog zombie.
The bullfrog zombie is moderately damaged.
The bullfrog zombie barely misses you. You furiously retaliate!
You headbutt the bullfrog zombie! The bullfrog zombie closely misses you.
You completely miss the bullfrog zombie.
The bullfrog zombie is severely damaged.
The bullfrog zombie completely misses you.
A bullfrog zombie is nearby!
You hit the bullfrog zombie. You headbutt the bullfrog zombie.
You destroy the bullfrog zombie!
Trog accepts your kill.
Your Fighting skill increases to level 6!
Health restored: 63 No target in view!
A - a scroll labeled NEIMIJ GAGUSEA No target in view!
No target in view!
Done exploring.
Done exploring.
As you read the scroll labeled NEIMIJ GAGUSEA, it crumbles to dust.
You hear a loud clanging noise!
It was a scroll of noise.
(D) Dungeon
Where to? (Enter - D:5, ? - help)
What level of the Dungeon? (default 1, ? - help)
There is a stone staircase leading down here.
You climb downwards.
Found an escape hatch in the ceiling.
There is a stone staircase leading up here.
Found a stone staircase leading down.
Found a mace.
Menkaure, Prince of Dust comes into view.
Menkaure shouts!
You hear a shout!
Found 13 gold pieces.
You slash Menkaure!
Menkaure is moderately damaged.
Menkaure calls on the powers of darkness!
Your body is wracked with pain!
You take 30 damage, and have 33/63 hp.
MASSIVE DAMAGE!!
The spellbook bursts into flames.
Trog is delighted!
Menkaure casts a spell.
Menkaure seems to speed up.
A red film seems to cover your vision as you go berserk!
You feel yourself moving faster!
You feel mighty!
You are feeling very hungry.
Menkaure casts a spell at you. Pain shoots through your body!
You now have 48/94 hp.
You slash Menkaure! Your headbutt misses Menkaure.
Menkaure is severely damaged.
Menkaure hits you!
You take 11 damage, and have 37/94 hp.
You slash Menkaure!
You destroy Menkaure!
Trog accepts your kill.
Trog appreciates your killing of a magic user.
Your Axes skill increases to level 8!
Your Dodging skill increases to level 5!
You have reached level 8!
You feel agile.
You regained 5 hp, and now have 42/105 hp.
MP restored: 7 You feel a strong urge to attack something.
A centaur comes into view.
The centaur shouts!
You see here 12 gold pieces.
A centaur is nearby!
A centaur is nearby!
A centaur is nearby!
Unknown command.
The centaur wields a shortbow.
The centaur shoots an arrow.
The arrow barely misses you.
You see here an arrow.
You feel your anger nearly subside.
You are no longer berserk.
You are exhausted.
You feel yourself slow down.
You now have 28/70 hp.
The centaur shoots an arrow.
The arrow hits you.
The centaur shoots an arrow.
The arrow closely misses you.
You see here 2 arrows.
You take 3 damage, and have 26/70 hp.
A centaur comes into view. It is wielding a club.
The centaur shouts!
The centaur unwields an uncursed club.
The centaur wields a shortbow.
The centaur shoots an arrow.
The arrow completely misses you.
The centaur shoots an arrow.
The arrow hits you.
The centaur shoots an arrow.
The arrow hits you!
* * * LOW HITPOINT WARNING * * *
You see here 3 arrows.
The centaur shoots an arrow.
The arrow closely misses you.
The centaur shoots an arrow.
You reflect the arrow off an invisible shield around you!
The arrow hits the centaur!
There is a stone staircase leading up here.
The centaur shoots an arrow.
The arrow barely misses you.
The centaur shoots an arrow.
The arrow hits you!
* * * LOW HITPOINT WARNING * * *
The centaur shoots an arrow.
The arrow hits you!
You die...

.... .# ... . ..#
#..# .. ....
##...#...
.....##.......#
.....#..(.#..#
##.....#...#
#...<@...#
#..###(..## ..
#...## ...
#....##...
##(........ #.
##c####.....
##..##..##..c....
.......(.........
.......$.........


You could see 2 centaurs.

Vanquished Creatures
  Pikel (D:4)
  Menkaure (D:6)
  A slave (D:4)
  An ogre (D:4)
  A bullfrog zombie (D:5)
  A hound (D:5)
  2 bullfrog skeletons (D:5)
  3 orc wizards (D:3)
  An iguana (D:5)
  2 worker ants (D:5)
  Robin (D:3)
  8 adders
  An adder zombie (D:1)
  3 worms
  2 dart slugs (D:1)
  3 leopard geckos
  7 orcs (D:3)
  6 giant cockroaches
  15 goblins
  8 hobgoblins
  6 kobolds
  A quokka (D:4)
  A ball python (D:3)
  7 bats
  4 frilled lizards
  A jackal zombie (D:1)
  A leopard gecko zombie (D:5)
  11 rats
100 creatures vanquished.

Vanquished Creatures (others)
  An adder (D:4)
1 creature vanquished.

Grand Total: 101 creatures vanquished

Notes
Turn   | Place    | Note
-------+----------+-------------------------------------------
     0 | D:1      | Monsterracer the Minotaur Berserker began the quest for the Orb.
     0 | D:1      | Reached XP level 1. HP: 19/19 MP: 0/0
   178 | D:1      | Reached XP level 2. HP: 23/27 MP: 1/1
   182 | D:1      | Reached skill level 4 in Axes
   869 | D:1      | Reached XP level 3. HP: 33/33 MP: 2/2
   932 | D:2      | Reached ** piety under Trog
  1765 | D:3      | Reached XP level 4. HP: 15/40 MP: 3/3
  1766 | D:3      | Reached skill level 5 in Axes
  2040 | D:3      | Noticed Robin
  2162 | D:3      | Reached XP level 5. HP: 39/47 MP: 4/4
  2178 | D:3      | Killed Robin
  2178 | D:3      | Reached *** piety under Trog
  2508 | D:3      | Received a gift from Trog
  2709 | D:4      | Noticed a slave
  2709 | D:4      | Noticed a slave
  2710 | D:4      | Noticed Pikel
  2710 | D:4      | Noticed a slave
  2711 | D:4      | Noticed a slave
  2717 | D:4      | Killed Pikel
  2717 | D:4      | Reached skill level 5 in Fighting
  2717 | D:4      | Reached skill level 6 in Axes
  2717 | D:4      | Reached XP level 6. HP: 56/56 MP: 5/5
  2717 | D:4      | Reached XP level 7. HP: 61/61 MP: 6/6
  2798 | D:4      | Reached skill level 7 in Axes
  2853 | D:4      | Found Gakleb's Book Boutique.
  3181 | D:4      | Reached skill level 5 in Armour
  3401 | D:5      | Entered Level 5 of the Dungeon
  3679 | D:5      | Found a sacrificial altar of Ru.
  4143 | D:6      | Noticed Menkaure
  4150 | D:6      | Killed Menkaure
  4150 | D:6      | Reached skill level 8 in Axes
  4150 | D:6      | Reached skill level 5 in Dodging
  4150 | D:6      | Reached XP level 8. HP: 41/70 MP: 7/7
  4161 | D:6      | HP: 2/70 [centaur/arrow (9)]
  4161 | D:6      | Shot with an arrow by a centaur

Skill      XL: |  1  2  3  4  5  6  7 |
---------------+----------------------+-----
Axes           | 4 5 6 8 |  8.0
Fighting       | 4 5 6 |  6.1
Armour         | 3 4 5 |  5.6
Dodging        | 3 4 5 |  5.0

Action                   |  1- 3 |  4- 6 |  7- 9 || total
-------------------------+-------+-------+-------++-------
Melee: Hand axe          |    99 |    48 |    68 ||   215
       Headbutt          |    19 |     9 |    16 ||    44
       Mace              |       |     2 |       ||     2
Invok: Berserk           |     1 |     2 |     1 ||     4
       Burn Spellbooks   |       |       |     1 ||     1
  Use: Scroll            |       |     9 |     2 ||    11
  Eat: Chunk             |     3 |     1 |     5 ||     9
       Ration            |       |     1 |       ||     1
Armor: Animal skin       |    32 |       |       ||    32
       Ring mail         |       |    23 |     9 ||    32
Dodge: Dodged            |    84 |    19 |    38 ||   141
Block: Other             |       |     4 |     9 ||    13
       Reflection        |       |       |     1 ||     1

Vault maps used:
D:1:      saegor_arrival_fortress
D:2:      first_ration
D:3:      uniq_robin
D:4:      serial_shops, nicolae_shop_trees, uniq_pikel
D:5:      basic_altar, minmay_tree_intersection
D:6:      minmay_temple_entry_purple_smoke, serial_shops, kennysheep_mini,
          basic_altar, uniq_menkaure, uniq_edmund
